 Dungeon Crawl Stone Soup version 0.29.1-2-gbd0b4ee654 (console) character file.

Game seed: 7443414878495432586

3775 Banquo the Thaumaturge (level 10, -15/69 HPs)
             Began as a Djinni Air Elementalist on Nov 25, 2022.
             Was an Initiate of Nemelex Xobeh.
             Demolished by a death yak (21 damage)
             ... on level 8 of the Dungeon.
             The game lasted 00:27:57 (9512 turns).

Banquo the Thaumaturge (Djinni Air Elementalist)    Turns: 9512, Time: 00:27:57

Health: -15/69     AC:  6    Str:  7    XL:     10   Next: 38%
Gold:   511        EV: 16    Int: 21    God:    Nemelex Xobeh [......] SH:  0 Dex: 22

rFire   + + .      SeeInvis .   b - +11 hand axe {spect, rElec}
rCold   + . .      Faith    .   (no shield)
rNeg    . . .      Spirit   .   Q - +1 robe {rC+}
rPois   ∞          Reflect  .   h - +0 helmet
rElec   +          Harm     .   e - +0 cloak
rCorr   .          Rampage  .   g - +0 pair of gloves "Damirad" {Dex+2}
Will    +....                   (boots unavailable)
Stlth   +++.......              (no amulet)
HPRegen 0.21/turn               n - +6 ring of dexterity
MPRegen 0.00/turn               C - ring of protection from cold

@: flying
A: sickness immunity, fire resistance 2, cold vulnerability 1, float, innate
caster, HP casting, extra vitality 1
a: Renounce Religion, Draw Escape, Draw Destruction, Draw Summoning


You were on level 8 of the Dungeon.
You worshipped Nemelex Xobeh.
Nemelex Xobeh was noncommittal.
You visited 2 branches of the dungeon, and saw 9 of its levels.

You collected 567 gold pieces.
You spent 56 gold pieces at shops.

Inventory:

Hand Weapons
 b - the +11 hand axe of Dismemberment (weapon) {spect, rElec}
   (You found it on level 7 of the Dungeon)

   When its wielder attacks, the weapon's spirit leaps out and strikes again.
   The spirit shares a part of any damage it takes with its wielder.
   rElec:     It insulates you from electricity.
 i - a +4 scimitar
 k - a +1 long sword of electrocution
 o - a +4 scimitar
 I - a +0 trident
 M - a +4 flail
 O - a +4 war axe
 R - a +5 spear
Missiles
 B - 4 throwing nets
 N - 3 boomerangs of dispersal
 P - 4 silver javelins
Armour
 e - a +0 cloak (worn)
 g - the +0 pair of gloves "Damirad" (worn) {Dex+2}
   (You found it on level 4 of the Dungeon)

   Dex:       It affects your dexterity (+2).
 h - a +0 helmet (worn)
 F - a +1 ring mail of fire resistance
 Q - a +1 robe of cold resistance (worn)
 V - a +0 robe
Magical Staves
 a - a staff of conjuration
Jewellery
 n - a +6 ring of dexterity (left hand)
 u - a ring of fire
 x - a +6 ring of dexterity
 C - a ring of protection from cold (right hand)
 L - a ring of protection from fire
 T - a +6 ring of strength
Wands
 t - a wand of iceblast (5)
 E - a wand of flame (77)
 S - a wand of paralysis (4)
Scrolls
 f - 5 scrolls of identify {unknown}
 j - a scroll of brand weapon {unknown}
 l - 2 scrolls of torment {unknown}
 m - 2 scrolls of summoning {unknown}
 p - 6 scrolls of teleportation {unknown}
 s - 2 scrolls of amnesia {unknown}
 w - 3 scrolls of fear {unknown}
 y - 2 scrolls of immolation {unknown}
 A - a scroll of noise {unknown}
 D - 5 scrolls of poison {unknown}
 J - a scroll of butterflies {unknown}
 K - a scroll of magic mapping {unknown}
 W - a scroll of blinking {unknown}
 X - a scroll of enchant armour {unknown}
Potions
 c - a potion of might {unknown}
 d - 3 potions of flight {unknown}
 q - 3 potions of brilliance
 r - 3 potions of mutation {unknown}
 v - a potion of resistance {unknown}
 z - 2 potions of heal wounds {unknown}
 G - a potion of haste {unknown}
 H - 2 potions of curing {unknown}
 U - a potion of invisibility {unknown}
 Y - a potion of berserk rage {unknown}


   Skills:
 * Level 4.3 Fighting
 * Level 1.4 Axes
 - Level 3.9 Armour
 * Level 5.7 Dodging
 - Level 2.7 Stealth
 + Level 9.0 Spellcasting
 * Level 1.9 Invocations


You had 8 spell levels left.
You knew the following spells:

 Your Spells              Type           Power      Damage    Failure   Level
a - Shock                 Conj/Air       100%       1d9       1%          1
d - Static Discharge      Conj/Air       47%        3-9/arc   1%          2
e - Apportation           Tloc           94%        N/A       1%          1
h - Call Canine Familiar  Summ           47%        N/A       1%          3
i - Call Imp              Summ           47%        N/A       1%          2
z - Airstrike             Air            23%        2d(4-20)  1%          4
M - Swiftness             Air            47%        N/A       1%          3
O - Ozocubu's Armour      Ice            47%        N/A       1%          3
Your spell library was empty.

Dungeon Overview and Level Annotations

Branches:
Dungeon (8/15)             Temple (1/1) D:7            Lair (0/5) D:8

Altars:
Ashenzari
Cheibriados
Dithmenos
Elyvilon
Fedhas
Gozag
Hepliaklqana
Makhleb
Nemelex Xobeh
Okawaru
Qazlal
Ru
Uskayaw
Wu Jian
Xom
Yredelemnul
Zin
The Shining One

Shops:
D:1 (   D:5 (   D:8 !

Annotations:
D:3 Sigmund


Innate Abilities, Weirdness & Mutations

You are immune to sickness and miasma.
You are immune to poison.
Your flesh is very heat resistant. (rF++)
You are vulnerable to cold. (rC-)
You float through the air rather than walking.
You learn spells naturally, not from books.
Your magical power is your life essence.
You have superior vitality. (+4 MHP)


Message History

You slash the yak!
The yak is almost dead.
The yak misses you.
You slash the yak!
You kill the yak!
An orc comes into view. It is wielding a +0 short sword.
The orc shouts!
You hear a bellow! x2
The orc throws a stone.
The stone barely misses you.
The orc throws a stone.
The stone closely misses you.
Aiming: Airstrike (dangerous; 1% risk of failure)
Press: ? - help, Q - select action, (/) - cycle Dir - move target, f - orc
Aim: an orc, wielding a +0 short sword and quivering stones (empty space bonus: 4/8)
The air twists around and strikes the orc!
You kill the orc!
Casting: Airstrike (dangerous; 1% risk of failure)
Confirm with . or Enter, or press ? or * to list all spells.
Casting: Call Canine Familiar (safe; 1% risk of failure)
Confirm with . or Enter, or press ? or * to list all spells.
A beastly little devil appears in a puff of frigid air.
* * * LOW HITPOINT WARNING * * *
Your white imp gestures at the death yak.
The puff of frost hits the death yak.
Your wolf bites the death yak.
Your white imp hits the death yak.
Your white imp freezes the death yak.
You hit the death yak.
The death yak is moderately wounded.
Your +11 hand axe of Dismemberment {spect, rElec} hits the death yak!
Your wolf bites the death yak but does no damage.
The death yak misses you.
Your white imp hits the death yak.
Your white imp freezes the death yak.
Your wolf bites the death yak.
You slash the death yak!
The death yak is severely wounded.
Your +11 hand axe of Dismemberment {spect, rElec} hits the death yak!
The death yak gores you!
* * * LOW HITPOINT WARNING * * *
Your wolf bites the death yak.
Your white imp hits the death yak but does no damage.
Your wolf barely misses the death yak.
The death yak gores you!!
You die...
Your body disappears without a glow.

.... #..o....####.#
.... #?.###.....##.#
..#. #.## ###.####.#
Y.#. ... #.)###.# Y
...... #....#.#
...Y..o ##.#.#.#
Y..... #.h..#.# ......
###.5Y.#.# #.Y..
###...(@.#.# #.#.##
#...#....#.# ....#
#.#.#....#.# #..#
#.#....#.#.#
#..###.>........#
#...##.##.....###
##..##.##...#.#
######..##......#.####
#.....†§#####........#


You could see a death yak (ally target), a friendly +11 hand axe of
Dismemberment {spect, rElec} (summoned), a friendly wolf (summoned) and a
friendly white imp (summoned).

Vanquished Creatures
  A death yak (D:8)
  Grinder (D:4)
  A yak (D:8)
  A wyvern (D:6)
  Menkaure (D:7)
  2 black bears (D:7)
  3 ogres
  A kobold brigand (D:8)
  Blork the orc (D:5)
  A bullfrog (D:7)
  A necrophage (D:4)
  2 scorpions
  20 wights
  A howler monkey (D:5)
  3 hounds
  An orc priest (D:5)
  3 gnoll boudas
  2 orc wizards
  Ijyb (D:4)
  Terence (D:3)
  3 iguanas (D:7)
  14 gnolls
  4 adders
  A shadow imp (D:6)
  2 white imps
  2 ufetubi
  5 worms
  A dart slug (D:2)
  16 orcs
  9 ball pythons
  8 endoplasms
  3 giant cockroaches
  7 goblins
  7 hobgoblins
  10 jackals
  10 kobolds
  3 quokkas
  7 bats
  3 frilled lizards
  9 rats
172 creatures vanquished.

Vanquished Creatures (others)
  A plant (D:1)
  4 toadstools (D:7)
5 creatures vanquished.

Grand Total: 177 creatures vanquished

Notes
Turn   | Place    | Note
-------+----------+-------------------------------------------
     0 | D:1      | Banquo the Djinni Air Elementalist began the quest for the
                  | Orb.
     0 | D:1      | Banquo set off with the following spells memorised: Shock,
                  | Static Discharge, Swiftness, Airstrike.
     0 | D:1      | Reached XP level 1. HP: 15/15 MP: 0/0
    86 | D:1      | Found Imomirytz's Weapon Boutique.
   246 | D:1      | Reached XP level 2. HP: 12/21 MP: 0/0
   770 | D:1      | Reached skill level 3 in Spellcasting
   852 | D:1      | Reached XP level 3. HP: 24/25 MP: 0/0
   852 | D:1      | Learned a level 1 spell: Apportation
  1120 | D:1      | Found a faded altar of an unknown god.
  1723 | D:2      | Reached XP level 4. HP: 21/31 MP: 0/0
  2313 | D:2      | Reached XP level 5. HP: 18/35 MP: 0/0
  2313 | D:2      | Learned a level 2 spell: Call Imp
  2823 | D:3      | Reached skill level 4 in Spellcasting
  2905 | D:3      | Noticed Terence
  2932 | D:3      | Killed Terence
  2994 | D:3      | Noticed Sigmund
  3154 | D:4      | Reached XP level 6. HP: 28/40 MP: 0/0
  3419 | D:3      | Reached skill level 5 in Spellcasting
  3636 | D:4      | Reached XP level 7. HP: 41/45 MP: 0/0
  3636 | D:4      | Learned a level 3 spell: Ozocubu's Armour
  4371 | D:4      | Noticed Ijyb
  4380 | D:4      | Killed Ijyb
  4700 | D:4      | Identified the +0 pair of gloves "Damirad" {Dex+2}
  4973 | D:5      | Entered Level 5 of the Dungeon
  5021 | D:5      | Noticed Grinder
  5025 | D:5      | Noticed Blork the orc
  5030 | D:4      | Killed Grinder
  5031 | D:4      | Reached skill level 1 in Fighting
  5031 | D:4      | Reached skill level 1 in Armour
  5031 | D:4      | Reached skill level 6 in Spellcasting
  5031 | D:4      | Reached XP level 8. HP: 36/52 MP: 0/0
  5574 | D:5      | Found Xaugupp's Weapon Shop.
  5616 | D:5      | Killed Blork the orc
  6449 | D:6      | Reached skill level 7 in Spellcasting
  6638 | D:6      | Reached XP level 9. HP: 51/59 MP: 0/0
  6638 | D:6      | Learned a level 3 spell: Call Canine Familiar
  7743 | D:7      | Noticed Menkaure
  7744 | D:7      | Reached skill level 8 in Spellcasting
  7747 | D:7      | Killed Menkaure
  7899 | D:7      | Reached skill level 5 in Dodging
  8541 | D:7      | Found a staircase to the Ecumenical Temple.
  8551 | Temple   | Entered the Ecumenical Temple
  8596 | Temple   | Became a worshipper of Nemelex Xobeh the Trickster
  8884 | D:7      | Found a basalt altar of Yredelemnul.
  8884 | D:7      | Found a stormy altar of Qazlal.
  8884 | D:7      | Found a hazy altar of Hepliaklqana.
  8892 | D:7      | Found a white marble altar of Elyvilon.
  8892 | D:7      | Identified the +11 hand axe of Dismemberment {spect, rElec}
  8975 | D:8      | Reached XP level 10. HP: 67/67 MP: 0/0
  9032 | D:8      | Found Dossyon's Distillery.
  9038 | D:8      | Bought a potion of brilliance for 56 gold pieces
  9094 | D:8      | Reached skill level 1 in Invocations
  9244 | D:8      | Noticed a death yak
  9355 | D:8      | Noticed a death yak
  9374 | D:8      | Killed a death yak
  9375 | D:8      | Reached skill level 1 in Axes
  9375 | D:8      | Reached skill level 9 in Spellcasting
  9449 | D:8      | Found a staircase to the Lair.
  9449 | D:8      | Noticed a death yak
  9512 | D:8      | Demolished by a death yak

Illustrated notes

Levels and vault maps discovered:
D:1:      lightli_arrival_farm, layout_basic, serial_shops,
          nicolae_shop_crystal, shapermc_ecumenical_altar_mp_ritualfount
D:2:      layout_rooms
D:3:      layout_rooms, uniq_sigmund, uniq_terence
D:4:      layout_basic, grunt_ministairs_9,
          hangedman_abyss_or_decor_lesser_grid, uniq_ijyb
D:5:      layout_cave_pods, serial_shops, nicolae_shop_advertising_works
          [nicolae_subvault_shop_adworks], uniq_grinder, uniq_blork_the_orc
D:6:      layout_cave_pools
D:7:      layout_cave_pods, minmay_overflow_temple_hex, temple_statues,
          minmay_gold_behind_fungi, uniq_menkaure
D:8:      layout_basic, dpeg_lair_monsters, serial_shops, shop, enter_bailey_5,
          nicolae_zen_rock_garden
Temple:   hellmonk_temple_of_storms

Skill      XL: |  1  2  3  4  5  6  7  8  9 10 |
---------------+-------------------------------+-----
Spellcasting   | 3 4 5 6 7 8 9 |  9.0
Stealth        | 2 |  2.7
Fighting       | 1 2 3 4 |  4.3
Armour         | 1 2 3 |  3.9
Dodging        | 3 4 5 |  5.7
Invocations    | 1 |  1.9
Axes           | 1 |  1.4

Action                   |  1- 3 |  4- 6 |  7- 9 | 10-12 || total
-------------------------+-------+-------+-------+-------++-------
Melee: Hand axe          |       |       |     2 |    16 ||    18
       Punch             |       |       |     1 |       ||     1
 Cast: Shock             |    63 |   129 |   160 |       ||   352
       Static Discharge  |       |     1 |    12 |       ||    13
       Airstrike         |       |       |    48 |    19 ||    67
       Call Canine Famil |       |       |     2 |     2 ||     4
       Call Imp          |       |       |       |     1 ||     1
Armor: Robe              |     2 |     1 |     2 |     2 ||     7
Dodge: Dodged            |    13 |    10 |    20 |     9 ||    52
